 Dungeon Crawl Stone Soup version 0.25.1-2-g60ff931df9 (webtiles) character file.

Game seed: 3281636510288427048

133 hawla the Slasher (level 4, 0/41 HPs)
             Began as a Minotaur Berserker on Oct 27, 2020.
             Was a Believer of Trog.
             Splashed by a jelly's acid (8 damage)
             ... on level 2 of the Dungeon.
             The game lasted 00:03:17 (2104 turns).

hawla the Slasher (Minotaur Berserker)              Turns: 2104, Time: 00:03:19

Health: 0/41       AC:  3    Str: 23    XL:     4   Next: 93%
Magic:  0/3        EV: 12    Int:  4    God:    Trog [**....]
Gold:   76         SH:  0    Dex:  5    Spells: 3/3 levels left

rFire    . . .     SeeInvis .   a - +0 falchion
rCold    . . .     Gourm    .   (no shield)
rNeg     . . .     Faith    .   b - +0 animal skin
rPois    .         Spirit   +   (helmet restricted)
rElec    .         Reflect  .   (no cloak)
rCorr    .         Harm     .   (no gloves)
MR       .....                  f - +0 pair of boots
Stlth    ..........             k - amulet of guardian spirit
HPRegen  0.13/turn              d - ring of attention (curse)
MPRegen  0.08/turn              g - -4 ring of dexterity (curse)

@: no status effects
A: retaliatory headbutt, horns 2
a: Berserk, Trog's Hand, Renounce Religion


You were on level 2 of the Dungeon.
You worshipped Trog.
Trog was pleased with you.
You were not hungry.

You visited 1 branch of the dungeon, and saw 2 of its levels.

You collected 76 gold pieces.

Inventory:

Hand Weapons
 a - a +0 falchion (weapon)
Armour
 b - a +0 animal skin (worn)
 f - a +0 pair of boots (worn)
Jewellery
 d - a cursed ring of attention (left hand)
 g - a cursed -4 ring of dexterity (right hand)
 k - an amulet of guardian spirit (around neck)
 n - an uncursed ring of protection from magic {unknown}
Scrolls
 e - 3 scrolls of identify
 j - a scroll of remove curse {unknown}
 m - a scroll of noise {unknown}
Potions
 i - 2 potions of stabbing {unknown}
 l - a potion of curing {unknown}
Comestibles
 c - 8 rations


   Skills:
 + Level 4.7 Fighting
 + Level 5.4 Long Blades
 + Level 2.8 Armour
 * Level 3.0 Dodging


You had 3 spell levels left.
You didn't know any spells.
Your spell library was empty.

Dungeon Overview and Level Annotations

Branches:
Dungeon (2/15)

Altars:
Cheibriados


Innate Abilities, Weirdness & Mutations

You reflexively headbutt those who attack you in melee.
You have a pair of horns on your head.


Message History

You headbutt the dart slug.
You riposte.
You slash the dart slug!
You kill the dart slug!
Trog accepts your kill.
No target in view!
No target in view!
The jelly is too close now for your liking.
The jelly quivers.
Found 3 scrolls labeled LOS RUIVICUM and a fizzy yellow potion.
The jelly closely misses you.
You hit the jelly.
Your hands burn!
The jelly is lightly wounded.
The jelly hits you.
You are splashed with acid!
You hit the jelly.
Your hands burn!
The jelly is moderately wounded.
The jelly hits you.
You are splashed with acid!
* * * LOW HITPOINT WARNING * * *
The jelly hits you.
* * * LOW HITPOINT WARNING * * *
You are splashed with acid!
You die...

###.## ###### #...
#+#.... #....###.##
...#.#####........##
#.#>...............
#...#.....#....####
#..)#######....#
#...##...##....####
######....#.#.#'....'...
.......@..#.#.##....####
######.J.+..#.#.........
#...####.#..###.#..
#..?# ##........#.#
#.?!# #....######.#
#...# #..........<#
#...# ####........#
....# #....)...#
##########


You could see a jelly.

Vanquished Creatures
  Natasha (twice) (D:2)
  3 adders (D:2)
  An ooze (D:2)
  A worm (D:2)
  5 dart slugs
  4 leopard geckos
  A giant cockroach (D:2)
  5 goblins
  4 hobgoblins (D:2)
  A kobold (D:2)
  A quokka (D:2)
  4 bats
  A frilled lizard (D:1)
  6 rats
39 creatures vanquished.

Notes
Turn   | Place    | Note
-------+----------+-------------------------------------------
     0 | D:1      | hawla the Minotaur Berserker began the quest for the Orb.
     0 | D:1      | Reached XP level 1. HP: 19/19 MP: 0/0
   173 | D:1      | Reached skill level 4 in Long Blades
   173 | D:1      | Reached XP level 2. HP: 18/27 MP: 1/1
  1165 | D:2      | Noticed Natasha
  1171 | D:2      | Noticed a crimson imp
  1176 | D:2      | Noticed a crimson imp
  1181 | D:2      | Killed Natasha
  1181 | D:2      | Reached XP level 3. HP: 11/33 MP: 2/2
  1431 | D:2      | Reached XP level 4. HP: 24/41 MP: 3/3
  1782 | D:2      | Found a snail-covered altar of Cheibriados.
  1822 | D:2      | Reached skill level 5 in Long Blades
  1934 | D:2      | Reached ** piety under Trog
  1938 | D:2      | Noticed Natasha
  1944 | D:2      | Killed Natasha
  2104 | D:2      | Splashed by a jelly's acid

Illustrated notes

Levels and vault maps discovered:
D:1:      scummos_arrival_hexagon, layout_basic, minmay_misc_feat_four_crosses,
          minmay_misc_feat_square, dk_noncrumbling_4, minmay_parallelograms,
          minmay_tromino_i4
D:2:      layout_basic, lemuel_coloured_pillars_altar, cheibriados_altar_1,
          serial_co_window_serial, co_window_corner_a, co_window_cross_1,
          co_window_corner_a, co_window_corner_a, co_window_paths_b,
          co_window_of_opportunity_a, co_window_2corner, co_window_cross_4,
          co_window_corner_b, co_window_cross_4, glass_columns_a, uniq_natasha

Skill      XL: |  1  2  3  4 |
---------------+-------------+-----
Long Blades    | 4 5 |  5.4
Fighting       | 4 |  4.7
Dodging        | 3 |  3.0
Armour         | |  2.8

Action                   |  1- 3 |  4- 6 || total
-------------------------+-------+-------++-------
Melee: Falchion          |    53 |    28 ||    81
       Headbutt          |     6 |     3 ||     9
  Use: Scroll            |     2 |       ||     2
       Potion            |     1 |       ||     1
  Eat: Chunk             |     2 |     2 ||     4
Armor: Animal skin       |     7 |     7 ||    14
Dodge: Dodged            |    36 |    20 ||    56
       Rpst.: Falchion   |    10 |     6 ||    16
